 Dungeon Crawl Stone Soup version 0.28-b1-25-g9875b3fc8c (webtiles) character file.

Game seed: 3537394954784367051

610 inmateoo the Spear-Bearer (level 7, 0/54 HPs)
             Began as a Merfolk Gladiator on Feb 5, 2022.
             Slain by a centaur (1 damage)
             ... on level 5 of the Dungeon.
             The game lasted 00:03:54 (5333 turns).

inmateoo the Spear-Bearer (Merfolk Gladiator)       Turns: 5333, Time: 00:03:54

Health: 0/54       AC:  7    Str: 23    XL:     7   Next: 43%
Magic:  7/7        EV: 13    Int:  7    God:
Gold:   191        SH:  3    Dex: 15    Spells: 6/6 levels left

rFire   . . .      SeeInvis .   a - +1 trident
rCold   . . .      Faith    .   s - +0 buckler
rNeg    . . .      Spirit   .   v - +0 ring mail
rPois   .          Reflect  .   c - +1 helmet
rElec   .          Harm     .   (no cloak)
rCorr   .          Rampage  .   (no gloves)
Will    .....                   (no boots)
Stlth   +.........              (no amulet)
HPRegen 0.18/turn               j - +6 ring of strength
MPRegen 0.10/turn               (no ring)

@: no status effects
A: (nimble swimmer 2), mertail
a: no special abilities


You were on level 5 of the Dungeon.
You visited 1 branch of the dungeon, and saw 6 of its levels.

You collected 191 gold pieces.

Inventory:

Hand Weapons
 a - a +1 trident (weapon)
Missiles
 d - 3 throwing nets (quivered)
Armour
 c - a +1 helmet (worn)
 s - a +0 buckler (worn)
 v - a +0 ring mail (worn)
Jewellery
 j - a +6 ring of strength (left hand)
Wands
 u - a wand of digging (2)
Scrolls
 e - 3 scrolls of enchant weapon
 h - a scroll of blinking
 i - 2 scrolls of amnesia
 m - a scroll of fear
 q - a scroll of teleportation
Potions
 f - a potion of might
 g - 2 potions of flight
 l - a potion of mutation
 n - a potion of magic {unknown}
 o - 4 potions of heal wounds {unknown}
 p - 2 potions of brilliance {unknown}
 r - a potion of degeneration {unknown}


   Skills:
 + Level 4.3 Fighting
 * Level 8.3 Polearms
 - Level 2.0 Throwing
 + Level 2.3 Armour
 + Level 6.0 Dodging
 + Level 0.3 Shields


You had 6 spell levels left.
You didn't know any spells.
Your spell library contained the following spells:

 Spells                   Type           Power      Damage    Failure   Level
 Magic Dart               Conj           0%         1d3       69%         1
 Sting                    Tmut/Pois      0%         1d3       69%         1
 Poisonous Vapours        Pois/Air       0%         N/A       83%         2
 Scorch                   Fire           0%         2d5       83%         2
 Searing Ray              Conj           0%         2d4       83%         2
 Flame Wave               Conj/Fire      0%         2d4       100%        4
 Fulminant Prism          Conj/Hex       0%         3d6       100%        4
 Olgreb's Toxic Radiance  Pois           0%         N/A       100%        4
 Summon Cactus Giant      Summ           0%         N/A       100%        6


Dungeon Overview and Level Annotations

Branches:
Dungeon (6/15)
 Temple: D:4-7

Altars:


Innate Abilities, Weirdness & Mutations

((You are very nimble when in or above water. (Stealth+, EV+, Speed+++)))
Your lower body shifts to a powerful aquatic tail in water.


Message History

* * * LOW HITPOINT WARNING * * *
You puncture the orc priest!
You kill the orc priest!
The centaur closely misses you.
The centaur kicks you but does no damage.
You barely miss the centaur.
The centaur hits you but does no damage.
The centaur barely misses you. The centaur misses you. The centaur kicks you.
* * * LOW HITPOINT WARNING * * *
You hit the centaur.
The centaur is lightly wounded.
The centaur hits you but does no damage.
The centaur completely misses you.
You hit the centaur.
The centaur is moderately wounded.
You block the centaur's attack. The centaur barely misses you.
The centaur closely misses you. The centaur barely misses you.
You hit the centaur.
The centaur is moderately wounded.
The centaur closely misses you.
The centaur kicks you but does no damage.
You feel better. The centaur hits you.
* * * LOW HITPOINT WARNING * * *
You block the centaur's attack. The centaur hits you.
* * * LOW HITPOINT WARNING * * *
The centaur kicks you.
* * * LOW HITPOINT WARNING * * *
You puncture the centaur!
The centaur is severely wounded.
The centaur hits you.
* * * LOW HITPOINT WARNING * * *
The centaur closely misses you.
You barely miss the centaur.
The centaur is severely wounded.
The centaur closely misses you. You block the centaur's attack.
You hit the centaur.
The centaur is severely wounded.
The centaur hits you but does no damage.
The centaur misses you. The centaur barely misses you. The centaur kicks you.
You die...

############
##..........##
##@...........##
#c)............#
#...........)..#
#..............####
#..................
#.............)##..
##..[.............#
###
##...........#####
#.### ######..##.##


You could see a centaur.

Vanquished Creatures
  A sky beast (D:3)
  A phantom (D:4)
  A scorpion (D:3)
  A hound (D:4)
  3 orc priests
  A centaur skeleton (D:5)
  An orc wizard (D:4)
  A hound zombie (D:5)
  3 gnolls
  8 adders
  A worm (D:3)
  A dart slug (D:2)
  6 orcs
  11 endoplasms
  2 giant cockroaches
  3 goblins
  5 hobgoblins
  3 jackals (D:2)
  6 quokkas
  10 ball pythons
  4 bats
  3 frilled lizards
  8 kobolds
  5 rats
89 creatures vanquished.

Notes
Turn   | Place    | Note
-------+----------+-------------------------------------------
     0 | D:1      | inmateoo the Merfolk Gladiator began the quest for the Orb.
     0 | D:1      | Reached XP level 1. HP: 16/16 MP: 1/1
   263 | D:1      | Reached XP level 2. HP: 21/23 MP: 2/2
   688 | D:2      | Reached skill level 5 in Polearms
   688 | D:2      | Reached XP level 3. HP: 28/28 MP: 3/3
   759 | D:2      | You fall into a shaft and drop 2 floors!
  1131 | D:3      | Reached skill level 1 in Armour
  1131 | D:3      | Reached XP level 4. HP: 21/34 MP: 4/4
  1779 | D:3      | Reached skill level 6 in Polearms
  1935 | D:3      | Reached XP level 5. HP: 35/41 MP: 5/5
  2153 | D:3      | Noticed a sky beast
  2164 | D:3      | Killed a sky beast
  2165 | D:3      | Reached skill level 5 in Dodging
  2235 | D:3      | Reached XP level 6. HP: 47/47 MP: 6/6
  2306 | D:2      | Reached skill level 7 in Polearms
  2589 | D:2      | Found a faded altar of an unknown god.
  3456 | D:4      | Reached XP level 7. HP: 41/54 MP: 7/7
  4036 | D:5      | Entered Level 5 of the Dungeon
  4117 | D:4      | Reached skill level 8 in Polearms
  5331 | D:5      | HP: 1/54 [centaur (5)]
  5333 | D:5      | Slain by a centaur

Illustrated notes

Levels and vault maps discovered:
D:1:      saegor_arrival_simple_b, layout_loops_ring
D:2:      minmay_angry_zag, layout_basic, nicolae_ecumenical_snake_handling,
          minmay_strange_pillars
D:3:      layout_basic
D:4:      layout_cave_pods, grunt_decor_fettered, st_stairs_7, item_on_display_a
D:5:      layout_rooms, serial_curves, eino_curves_01, eino_curves_01
D:6:      layout_cave_pools, minmay_temple_entry_gardened_gates, serial_shops,
          shop, minmay_manual_mess, uniq_maggie, uniq_duvessa, uniq_eustachio

Skill      XL: |  1  2  3  4  5  6  7 |
---------------+----------------------+-----
Polearms       | 5 6 7 8 |  8.3
Armour         | 1 2 |  2.3
Fighting       | 3 4 |  4.3
Dodging        | 5 6 |  6.0
Throwing       | |  2.0
Shields        | |  0.3

Action                   |  1- 3 |  4- 6 |  7- 9 || total
-------------------------+-------+-------+-------++-------
Melee: Trident           |    77 |   184 |    80 ||   341
       Punch             |     1 |     3 |       ||     4
  Use: Scroll            |       |     8 |     2 ||    10
       Potion            |       |       |     1 ||     1
 Stab: Sleeping          |     2 |       |       ||     2
Armor: Leather armour    |    15 |    30 |    17 ||    62
       Ring mail         |       |       |     8 ||     8
Dodge: Dodged            |    33 |    87 |    50 ||   170
Block: Buckler           |       |       |     7 ||     7
